 Dungeon Crawl Stone Soup version 0.31-a0-325-g067879e3d3 (webtiles) character file.

Game seed: 6361253007811580755

193779 RepHenryClay the Severer (level 18, -2/98 HPs)
             Began as a Vine Stalker Fighter on July 18, 2023.
             Was the Champion of Qazlal.
             Constricted to death by a nagaraja (3 damage)
             ... on level 1 of the Snake Pit.
             The game lasted 00:59:22 (23995 turns).

RepHenryClay the Severer (Vine Stalker Fighter)    Turns: 23995, Time: 00:59:22

Health: -2/98      AC: 24    Str: 21    XL:     18   Next: 73%
Magic:  0/26       EV: 15    Int: 13    God:    Qazlal [******]
Gold:   912        SH:  8    Dex: 20    Spells: 15/17 levels left

rFire   + . .        b - +8 frozen axe "Frostbite" {freeze, freezing cloud, *Noise Fly rC+}
rCold   + + .        (shield currently unavailable)
rNeg    + . .        O - +4 ring mail of Dogmatism {Str+2}
rPois   +            M - +2 hat {Will+}
rElec   +            A - scarf {rC+ rF+}
rCorr   .            V - +1 pair of gloves of the Blind Marksman {rElec Str-4 Int+5 Dex+2}
SInv    .            S - +2 pair of boots {Stlth+}
Will    +++..        T - amulet of regeneration
Stlth   +            W - ring of positive energy
HPRegen 1.96/turn    v - ring of poison resistance
MPRegen 0.20/turn

%: repel missiles, guardian spirit
@: protected from physical damage, flying, constricted
A: fangs 3, regeneration 1, magic shield, antimagic bite, no potion heal 2
a: Renounce Religion, Upheaval, Elemental Force, Disaster Area


You were on level 1 of the Snake Pit.
You worshipped Qazlal.
Qazlal was exalted by your worship.
You visited 5 branches of the dungeon, and saw 27 of its levels.
You visited the Abyss 1 time.
You also visited: Ossuary and Gauntlet.

You collected 4139 gold pieces.
You spent 3227 gold pieces at shops.

Inventory:

Hand Weapons
 a - the +6 hand axe "Lashenaj" {flame, rElec}
   (You found it on level 3 of the Dungeon)

   rElec:     It insulates you from electricity.
 b - the +8 frozen axe "Frostbite" (weapon) {freeze, freezing cloud, *Noise Fly rC+}
   (You bought it in a shop on level 1 of the Elven Halls)

   rC:        It protects you from cold.
   Fly:       It grants you flight.
   *Noise:    It may make noises in combat.
 c - a +2 eveningstar of distortion
 N - a +2 vampiric battleaxe
 X - a +3 vampiric broad axe
Armour
 A - a scarf of resistance (worn)
 G - a +2 leather armour of cold resistance
 M - a +2 hat of willpower (worn)
 O - the +4 ring mail of Dogmatism (worn) {Str+2}
   (You found it on level 2 of the Lair of Beasts)

   Str:       It affects your strength (+2).
 Q - a +2 cloak of willpower
 S - a +2 pair of boots of stealth (worn)
 V - the +1 pair of gloves of the Blind Marksman (worn) {rElec Str-4 Int+5 Dex+2}
   (You found it in a Gauntlet)

   Str:       It affects your strength (-4).
   Int:       It affects your intelligence (+5).
   Dex:       It affects your dexterity (+2).
   rElec:     It insulates you from electricity.
 Y - a +0 buckler of reflection
 Z - a +0 kite shield of protection
Jewellery
 r - the ring of Xiusch {rC+ rCorr}
   (You found it on level 1 of the Snake Pit)

   [ring of resist corrosion]

   rC:        It protects you from cold.
   rCorr:     It protects you from acid and corrosion.
 t - a ring of fire
 u - an amulet of reflection
 v - a ring of poison resistance (right hand)
 P - a ring of flight
 T - an amulet of regeneration (around neck)
 W - a ring of positive energy (left hand)
Wands
 d - a wand of iceblast (18)
 q - a wand of paralysis (4)
 x - a wand of digging (5)
 D - a wand of polymorph (14)
 H - a wand of mindburst (33)
 J - a wand of flame (16)
Scrolls
 e - 5 scrolls of fear
 f - 4 scrolls of enchant weapon
 j - a scroll of amnesia
 m - 8 scrolls of fog
 p - 7 scrolls of teleportation
 w - 3 scrolls of revelation
 y - 6 scrolls of poison
 B - 3 scrolls of blinking
 E - 4 scrolls of enchant armour
 K - 4 scrolls of identify {@r1}
 R - 3 scrolls of summoning
Potions
 g - 8 potions of enlightenment
 h - 8 potions of curing
 i - 7 potions of heal wounds
 k - 8 potions of lignification
 n - 9 potions of mutation
 o - 2 potions of resistance
 s - 2 potions of attraction {unknown}
 z - 7 potions of haste
 C - 2 potions of berserk rage
 F - 5 potions of brilliance {unknown}
 I - 3 potions of might
 L - 6 potions of invisibility
 U - a potion of ambrosia {unknown}
Miscellaneous
 l - a lightning rod (4/4)


   Skills:
 - Level 12.1 Fighting
 + Level 16.4(16.5) Axes
 - Level 3.0(11.1) Maces & Flails
 - Level 16.1 Armour
 + Level 10.3 Dodging
 - Level 7.0 Shields
 - Level 4.5 Translocations
 - Level 9.9 Invocations


You had 15 spell levels left.
You knew the following spells:

 Your Spells              Type           Power      Damage    Failure   Level
a - Lesser Beckoning      Tloc           22%        N/A       10%         2

Your spell library contained the following spells:

 Spells                   Type           Power      Damage    Failure   Level
 Gell's Gravitas          Tloc           11%        N/A       21%         3
 Teleport Other           Tloc           11%        N/A       21%         3
 Freeze                   Ice            0%         1d3       38%         1
 Magic Dart               Conj           0%         1d3       38%         1
 Necrotise                Necr           0%         1d4       38%         1
 Sandblast                Erth           0%         2d4       38%         1
 Summon Small Mammal      Summ           0%         N/A       38%         1
 Ensorcelled Hibernation  Hex/Ice        0%         N/A       54%         2
 Passwall                 Tmut/Erth      0%         N/A       54%         2
 Searing Ray              Conj           0%         2d4       54%         2
 Static Discharge         Conj/Air       0%         2-2/arc   54%         2
 Sublimation of Blood     Necr           0%         N/A       54%         2
 Call Canine Familiar     Summ           0%         N/A       77%         3
 Frozen Ramparts          Ice            0%         1d1       77%         3
 Hailstorm                Conj/Ice       0%         3d3       77%         3
 Stone Arrow              Conj/Erth      0%         3d7       77%         3
 Summon Guardian Golem    Hex/Summ       0%         N/A       77%         3
 Swiftness                Air            0%         N/A       77%         3
 Vampiric Draining        Necr           0%         2d6       77%         3
 Airstrike                Air            0%         2d(0-16)  99%         4
 Fulminant Prism          Conj/Hex       0%         3d5       99%         4
 Petrify                  Tmut/Erth      0%         N/A       99%         4
 Summon Lightning Spire   Summ/Air       0%         N/A       99%         4
 Agony                    Necr           0%         N/A       100%        5
 Irradiate                Conj/Tmut      0%         3d11      100%        5
 Conjure Ball Lightning   Conj/Air       0%         3x3d6     100%        6
 Orb of Destruction       Conj           0%         9d5       100%        7
 Spellforged Servitor     Conj/Summ      0%         N/A       100%        7
 Discord                  Hex            0%         N/A       100%        8
 Disjunction              Tloc           5%         N/A       100%        8


Dungeon Overview and Level Annotations

Branches:
Dungeon (15/15)            Temple (0/1) D:5            Lair (5/5) D:8
 Shoals (0/4) Lair:3        Snake (2/4) Lair:3        Slime (0/5) Lair:4
    Orc (2/2) D:10            Elf (3/3) Orc:2        Vaults (0/5) D:13
 Depths (0/4) D:15        Ossuary (visited)         Gauntlet (visited)

Altars:
Cheibriados
Hepliaklqana
Makhleb
Nemelex Xobeh
Okawaru
Qazlal
Sif Muna
Jiyva

Shops:
D:3 (   D:4 (   D:5 :   D:8 (   D:9 (   Orc:2 ?*[!   Elf:1 *[?(

Annotations:
D:14 2 transporters
Lair:2 3 runed translucent doors, Pooter's ghost, journeyman MiBe
Orc:2 3 runed translucent doors, zazu2006's ghost, journeyman GnWn


Innate Abilities, Weirdness & Mutations

You have razor-sharp teeth.
Your natural rate of healing is unusually fast.
When hurt, damage is shared between your health and your magic reserves.
Your bite disrupts and absorbs the magic of your enemies.
Potions cannot restore your health.


Message History

* * * LOW HITPOINT WARNING * * *
The nagaraja grabs you. The nagaraja constricts you.
* * * LOW HITPOINT WARNING * * *
The salamander is engulfed in freezing vapours.
The salamander hits you but does no damage.
The nagaraja hits you with a +0 club!
* * * LOW HITPOINT WARNING * * *
The nagaraja constricts you.
* * * LOW HITPOINT WARNING * * *
Huge Dmg: -21%(-21hp) hp: 29%(28hp)
You hit the nagaraja but do no damage.
You bite the nagaraja, but do no damage.
The nagaraja is heavily wounded.
You hit the salamander. You freeze the salamander.
You kill the salamander!
Qazlal accepts your kill.
The nagaraja's magic is no longer disrupted.
The nagaraja spits poison at you.
The splash of poison is repelled.
The nagaraja constricts you.
Unknown command.
You hit the nagaraja. You freeze the nagaraja. Your bite misses the nagaraja.
The nagaraja is heavily wounded.
The nagaraja hits you but does no damage.
The nagaraja constricts you. The nagaraja hits you with a +0 club!!
* * * LOW HITPOINT WARNING * * *
You feel protected from physical attacks.
The nagaraja constricts you.
* * * LOW HITPOINT WARNING * * *
Huge Dmg: -14%(-14hp) hp: 17%(16hp)
You closely miss the nagaraja. Your bite misses the nagaraja.
The nagaraja is heavily wounded.
The nagaraja gestures at you while chanting.
The bolt of poison hits you! You resist.
* * * LOW HITPOINT WARNING * * *
The nagaraja constricts you.
* * * LOW HITPOINT WARNING * * *
The nagaraja hits you with a +0 club!
* * * LOW HITPOINT WARNING * * *
The nagaraja constricts you.
You die...

## #..# #.............# .##
##.###.............# ..##
#.##..............# ...##
##................## ....##
##....#............#
.....###............[[..^##
.)...#.........○§..○.....#
.............#...°.°))..##
............##.○.@○...###
............###.N☼...###
>..........###...###...###
..........####..## ###...##
..........###..##
###..#######
.[.........##.## ###..##..#
######.......## ##..#.## #
###....## ##...# #...##
##..#


You could see a nagaraja (fast, strong).

Vanquished Creatures
  the Lernaean hydra (D:15)
  A deep elf blademaster (Elf:2)
  2 tentacled starspawn (Abyss:1)
  Kirke (Lair:4)
  A draconian annihilator (Abyss:1)
  The ghost of Newt the Destroyer, a journeyman DsGl of Dithmenos (Snake:1)
  The ghost of Ybuibof the Markself, a journeyman DEHu of Hepliaklqana (Orc:1)
  Azrael (Orc:2)
  A deep elf demonologist (Elf:2)
  A minotaur (shapeshifter) (D:15)
  A minotaur (Gauntlet)
  2 deep elf death magi (Elf:1)
  2 entropy weavers (shapeshifter) (D:13)
  A deep elf high priest (Elf:1)
  2 fire dragons
  44 hydras
  Erolcha (Orc:2)
  2 catoblepae (Lair:5)
  9 centaur warriors
  25 dancing weapons
  17 two-headed ogres
  6 boulder beetles
  5 ogre magi
  A naga warrior (Snake:1)
  An anaconda (Snake:2)
  A thrashing horror (Abyss:1)
  5 death yaks (Lair:3)
  6 tengu warriors
  2 shock serpents
  Urug (Lair:5)
  9 deep elf knights
  5 naga sharpshooters (Snake:1)
  An orc high priest (Elf:1)
  Amaemon (D:8)
  A salamander mystic (Snake:2)
  4 skysharks (Lair:5)
  Sonja (D:10)
  Lodul (D:10)
  An iron troll (D:13)
  5 skeletal warriors (D:14)
  A wizard (D:13)
  Pikel (D:5)
  A swamp dragon (Lair:5)
  2 glowing orange brains (Gauntlet)
  A lindwurm (Lair:5)
  6 deep elf archers
  3 ugly things
  27 deep elf pyromancers
  18 deep elf zephyrmancers
  3 orc sorcerers
  A stone giant zombie (Abyss:1)
  A worldbinder (Gauntlet)
  4 manticores
  2 salamanders (Snake:1)
  2 cyclopes (D:13)
  4 elephants (Lair:3)
  A guardian serpent (Snake:1)
  5 naga magi
  9 black mambas
  3 gargoyles
  7 unseen horrors
  A smoke demon (Abyss:1)
  An orange demon (D:8)
  18 cane toads
  6 torpor snails
  7 rime drakes
  2 rime drakes (shapeshifter)
  9 yaktaurs (D:15)
  A redback zombie (D:14)
  2 efreet
  A freezing wraith (D:13)
  7 komodo dragons
  An ancient zyme (Abyss:1)
  7 tengu conjurers
  A meliai (shapeshifter) (Elf:1)
  3 trolls
  A hornet (D:8)
  Prince Ribbit (D:8)
  A raiju (Abyss:1)
  A snapping turtle (Lair:3)
  7 dream sheep
  A meliai zombie (D:14)
  22 blink frogs
  A spriggan (shapeshifter) (D:14)
  3 shadows
  Sigmund (D:6)
  An air elemental (Elf:2)
  3 water elementals
  3 vampires
  58 yaks
  13 slime creatures
  A hog (shapeshifter) (D:15)
  2 fire bats (Abyss:1)
  2 fire elementals (Orc:2)
  6 hogs (Lair:4)
  3 wraiths
  7 wyverns
  9 basilisks
  A chaos spawn (Abyss:1)
  A steam dragon (Lair:5)
  4 vampire mosquitoes
  A large abomination (Abyss:1)
  Menkaure (D:6)
  13 nagas
  3 wargs
  2 acid dragons
  20 water moccasins
  4 hell hounds
  18 orc warriors
  3 swamp drakes (Lair:5)
  A hornet zombie (D:14)
  2 ice beasts
  A boggart (Gauntlet)
  27 wolves
  33 ogres
  9 centaurs
  A phantom (D:7)
  2 lemures (D:5)
  4 small abominations (Abyss:1)
  A kobold brigand (D:10)
  An elf zombie (Ossuary)
  A gnoll sergeant (D:6)
  Blork the orc (D:5)
  14 bullfrogs
  7 scorpions
  9 killer bees
  3 howler monkeys
  5 electric eels
  A quasit (Abyss:1)
  A human zombie (Ossuary)
  6 centaur zombies
  4 hounds
  A gnoll bouda (Orc:1)
  14 orc priests
  3 sleepcaps
  2 boggart zombies (D:14)
  11 iguanas
  30 orc wizards
  2 mummies (Ossuary)
  9 gnolls
  5 adders
  2 white imps
  3 ufetubi
  A worm (D:2)
  A dart slug (D:2)
  52 orcs
  3 endoplasms
  4 hobgoblins
  6 jackals
  2 quokkas
  6 ball pythons
  4 bats
  12 frilled lizards
  6 goblins
  2 goblin zombies (Ossuary)
  5 hobgoblin zombies (Ossuary)
  2 jackal zombies (Ossuary)
  14 kobolds
  12 kobold zombies (Ossuary)
  10 orc zombies (Ossuary)
  8 rats
  A rat zombie (Ossuary)
  2 lurking horrors (Abyss:1)
  2 starspawn tentacles (Abyss:1)
932 creatures vanquished.

Vanquished Creatures (collateral kills)
  Rupert (D:14)
  Louise (D:14)
  A dire elephant (Lair:5)
  A manticore (Lair:5)
  A black mamba (Lair:5)
  A centaur zombie (D:14)
  A hound (D:6)
7 creatures vanquished.

Vanquished Creatures (others)
  Erica (D:8)
  A deep elf knight (Elf:2)
  An orc wizard (D:8)
  An orc (Orc:2)
  3 starspawn tentacles (Abyss:1)
7 creatures vanquished.

Grand Total: 946 creatures vanquished

Notes
Turn   | Place    | Note
-------+----------+-------------------------------------------
     0 | D:1      | RepHenryClay the Vine Stalker Fighter began the quest for
                  | the Orb.
     0 | D:1      | Reached XP level 1. HP: 11/11 MP: 2/2
   170 | D:1      | Reached XP level 2. HP: 16/16 MP: 3/3
   172 | D:1      | Found a faded altar of an unknown god.
   918 | D:2      | Reached XP level 3. HP: 19/19 MP: 4/4
  1290 | D:2      | You fall into a shaft and drop 1 floor!
  1291 | D:3      | Found Hous Voda's Weapon Boutique.
  1291 | D:3      | Noticed a +0 triple sword
  1293 | D:3      | Noticed a +0 demon blade
  1528 | D:3      | Gained mutation: Your natural rate of healing is unusually
                  | fast. [Vine Stalker growth]
  1528 | D:3      | Reached XP level 4. HP: 16/23 MP: 5/5
  1642 | D:3      | Found a stormy altar of Qazlal.
  1642 | D:3      | Found a burning altar of Makhleb.
  1673 | D:3      | Became a worshipper of Qazlal Stormbringer
  1742 | D:3      | Identified the +6 hand axe "Lashenaj" {flame, rElec}
  2137 | D:4      | Reached skill level 1 in Axes
  2253 | D:4      | Reached XP level 5. HP: 27/27 MP: 6/6
  2363 | D:4      | Found Uneuluat's Weapon Shoppe.
  2832 | D:4      | Found a shimmering blue altar of Sif Muna.
  2913 | D:5      | Entered Level 5 of the Dungeon
  2959 | D:5      | Reached XP level 6. HP: 27/32 MP: 5/7
  3084 | D:5      | Noticed Pikel
  3132 | D:5      | Killed Pikel
  3133 | D:5      | Reached XP level 7. HP: 34/35 MP: 8/8
  3133 | D:5      | Gained mutation: You have razor-sharp teeth. [Vine Stalker
                  | growth]
  3133 | D:5      | Reached XP level 8. HP: 38/39 MP: 9/9
  3252 | D:5      | Reached * piety under Qazlal
  3435 | D:5      | Found a staircase to the Ecumenical Temple.
  3509 | D:5      | Found Vagorch's Book Shop.
  3518 | D:5      | Noticed Blork the orc
  3527 | D:5      | Killed Blork the orc
  3705 | D:6      | Found a sand-covered staircase.
  3710 | Ossuary  | Entered an ossuary
  3806 | Ossuary  | Reached ** piety under Qazlal
  4017 | D:6      | Reached XP level 9. HP: 43/43 MP: 10/10
  4160 | D:6      | Reached skill level 10 in Axes
  4265 | D:6      | Noticed Menkaure
  4272 | D:6      | Killed Menkaure
  4614 | D:6      | Noticed Sigmund
  4620 | D:6      | Killed Sigmund
  4620 | D:6      | Reached *** piety under Qazlal
  5417 | D:6      | Reached XP level 10. HP: 47/47 MP: 11/11
  5794 | D:8      | Noticed a two-headed ogre
  5801 | D:7      | Reached skill level 5 in Armour
  5814 | D:7      | Killed a two-headed ogre
  5821 | D:8      | Noticed Erica
  5823 | D:8      | Paralysed by an orc priest for 3 turns
  5837 | D:8      | Killed Erica
  6098 | D:8      | Noticed an orange demon
  6102 | D:8      | Noticed Amaemon
  6108 | D:8      | Killed an orange demon
  6122 | D:8      | Killed Amaemon
  6123 | D:8      | Reached XP level 11. HP: 21/51 MP: 12/12
  6170 | D:8      | Found a staircase to the Lair.
  6197 | D:8      | Identified the +6 sling "Gesyblawn" {freeze, Int+3}
  6357 | D:8      | Found Oshrosama's Antique Weapon Emporium.
  6378 | D:8      | Noticed Prince Ribbit
  6387 | D:8      | Killed Prince Ribbit
  6461 | D:8      | Found a sparkling altar of Nemelex Xobeh.
  6723 | D:9      | Noticed a deep elf pyromancer
  6989 | D:9      | Killed a deep elf pyromancer
  7046 | D:9      | Reached **** piety under Qazlal
  7066 | D:9      | Found Sev Camo's Weapon Emporium.
  7179 | D:9      | Noticed a cyan ugly thing
  7186 | D:9      | Killed a cyan ugly thing
  7556 | D:10     | Entered Level 10 of the Dungeon
  7618 | D:10     | Noticed Sonja
  7633 | D:10     | Killed Sonja
  7738 | D:10     | Reached ***** piety under Qazlal
  7912 | D:10     | Found a staircase to the Orcish Mines.
  8349 | D:11     | Found a hazy altar of Hepliaklqana.
  8417 | D:11     | Noticed Lodul
  8474 | D:11     | Noticed a manticore
  8513 | D:11     | Killed a manticore
  8514 | D:11     | Reached skill level 5 in Invocations
  8645 | D:10     | Killed Lodul
  8646 | D:10     | Reached XP level 12. HP: 39/56 MP: 17/17
  8739 | D:11     | Noticed a centaur warrior
  8755 | D:11     | Killed a centaur warrior
  9102 | Lair:1   | Entered Level 1 of the Lair of Beasts
  9166 | Lair:1   | Noticed a boulder beetle
  9184 | Lair:1   | Killed a boulder beetle
  9353 | Lair:1   | Found a stormy altar of Qazlal.
  9936 | Orc:1    | Entered Level 1 of the Orcish Mines
 10035 | Orc:1    | Reached skill level 5 in Fighting
 10271 | Orc:2    | Entered Level 2 of the Orcish Mines
 10327 | Orc:2    | Noticed Erolcha
 10449 | Lair:2   | Reached skill level 1 in Dodging
 10495 | Lair:2   | Identified the +4 ring mail of Dogmatism {Str+2}
 10507 | Lair:2   | Reached XP level 13. HP: 26/64 MP: 8/20
 10690 | Lair:2   | Reached ****** piety under Qazlal
 11071 | Lair:2   | Found a runed translucent gate.
 11072 | Lair:2   | Found a runed translucent gate.
 11073 | Lair:2   | Found a runed translucent gate.
 11073 | Lair:2   | Noticed Pooter's ghost (journeyman MiBe)
 11424 | Lair:3   | Reached skill level 10 in Armour
 11477 | Lair:3   | Found a staircase to the Snake Pit.
 11875 | Lair:3   | Found a staircase to the Shoals.
 12127 | Lair:4   | Noticed Kirke
 12136 | Lair:4   | Reached XP level 14. HP: 72/72 MP: 21/21
 12141 | Lair:4   | Killed Kirke
 12150 | Lair:4   | Reached skill level 5 in Dodging
 12180 | Lair:4   | Found a staircase to the Slime Pits.
 12182 | Lair:4   | Found a viscous altar of Jiyva.
 12394 | Lair:4   | Found a snail-covered altar of Cheibriados.
 12911 | Lair:5   | Entered Level 5 of the Lair of Beasts
 13277 | Lair:5   | Noticed Urug
 13287 | Lair:5   | Killed Urug
 13855 | Lair:5   | Noticed a dire elephant
 13870 | Lair:5   | Reached XP level 15. HP: 66/79 MP: 18/22
 14547 | Orc:2    | Killed Erolcha
 14633 | Orc:2    | Found a runed translucent gate.
 14636 | Orc:2    | Found a runed translucent gate.
 14636 | Orc:2    | Found a runed translucent gate.
 14636 | Orc:2    | Noticed an orc warlord
 14636 | Orc:2    | Noticed zazu2006's ghost (journeyman GnWn)
 14674 | Orc:2    | Noticed Azrael
 14722 | Orc:2    | Killed Azrael
 15106 | Orc:2    | Found Ajagiet's Armour Boutique.
 15106 | Orc:2    | Found Wuliv's Magic Scroll Shoppe.
 15107 | Orc:2    | Found Giwen's Distillery.
 15107 | Orc:2    | Found Tuzxim's General Store.
 15115 | Orc:2    | Bought a potion of degeneration for 16 gold pieces
 15115 | Orc:2    | Bought a potion of berserk rage for 80 gold pieces
 15116 | Orc:2    | Found a staircase to the Elven Halls.
 15119 | Orc:2    | Bought 2 potions of invisibility for 256 gold pieces
 15119 | Orc:2    | Bought a potion of resistance for 160 gold pieces
 15122 | Orc:2    | Bought a +2 helmet for 198 gold pieces
 15128 | Orc:2    | Bought a potion of haste for 160 gold pieces
 15129 | Orc:2    | Bought a wand of digging (5) for 231 gold pieces
 15129 | Orc:2    | Bought 2 potions of curing for 66 gold pieces
 15130 | Orc:2    | Bought a scroll of enchant armour for 112 gold pieces
 15130 | Orc:2    | Bought a scroll of identify for 30 gold pieces
 15277 | Abyss:1  | Cast into level 1 of the Abyss (orc wizard)
 15333 | Abyss:1  | Noticed a tentacled starspawn
 15345 | Abyss:1  | Killed a tentacled starspawn
 15346 | Abyss:1  | Reached skill level 10 in Fighting
 15411 | Abyss:1  | Found a corrupted altar of Lugonu.
 15420 | Abyss:1  | Found a corrupted altar of Lugonu.
 15420 | Abyss:1  | Found a corrupted altar of Lugonu.
 15425 | Abyss:1  | Noticed a tentacled starspawn
 15434 | Abyss:1  | Killed a tentacled starspawn
 15491 | Abyss:1  | Noticed a bone dragon
 15492 | Abyss:1  | Noticed a deep elf sorcerer
 15582 | Abyss:1  | Noticed a profane servitor
 15646 | Orc:1    | Escaped the Abyss
 15740 | Orc:1    | Found a runed translucent door.
 15741 | Orc:1    | Noticed Ybuibof's ghost (journeyman DEHu)
 15876 | Orc:1    | Killed Ybuibof's ghost
 16120 | D:12     | Found a gate leading to a gauntlet.
 16125 | Gauntlet | Entered a Gauntlet
 16125 | Gauntlet | Found a transporter.
 16125 | Gauntlet | Found a runed translucent door.
 16125 | Gauntlet | Found a transporter.
 16125 | Gauntlet | Found a transporter.
 16125 | Gauntlet | Found a runed translucent door.
 16146 | Gauntlet | Found a transporter.
 16158 | Gauntlet | Found a transporter.
 16159 | Gauntlet | Found a transporter.
 16175 | Gauntlet | Found a transporter.
 16188 | Gauntlet | Found a transporter.
 16195 | Gauntlet | Found a transporter.
 16196 | Gauntlet | Found a transporter.
 16206 | Gauntlet | Found a transporter.
 16209 | Gauntlet | Found a transporter.
 16427 | Gauntlet | Identified the +1 pair of gloves of the Blind Marksman
                  | {rElec Str-4 Int+5 Dex+2}
 16762 | D:12     | Reached XP level 16. HP: 86/86 MP: 23/23
 17272 | D:13     | Identified the +1 trident "Sugo" {flame, Fly rF+ Will+
                  | SInv}
 17555 | D:13     | Found a gate to the Vaults.
 17562 | D:13     | Identified the +6 leather armour "Wewoyfroci" {rC+}
 17623 | D:13     | Found an iron altar of Okawaru.
 18271 | D:14     | Found a transporter.
 18276 | D:14     | Noticed a shadow dragon
 18336 | D:14     | Reached skill level 15 in Armour
 18358 | D:14     | Noticed Louise
 18385 | D:14     | Killed Louise
 18403 | D:14     | Found a transporter.
 18419 | D:14     | Identified the +4 spear "Wish" {holy, rN+ Will+ rCorr Str-4
                  | Dex+3}
 18441 | D:14     | Noticed Rupert
 18457 | D:14     | Killed Rupert
 18863 | D:15     | Entered Level 15 of the Dungeon
 19259 | D:15     | Found a runed translucent door.
 19259 | D:15     | Noticed the 27-headed Lernaean hydra
 19259 | D:15     | Found the +7 lajatang of Order {silver, rMut}
 19260 | D:15     | Found a runed translucent door.
 19307 | D:15     | Reached skill level 5 in Shields
 19377 | D:15     | Found a runed translucent door.
 19648 | D:15     | Found a staircase to the Depths.
 19804 | D:15     | Reached XP level 17. HP: 91/91 MP: 24/24
 19827 | D:15     | Found a runed translucent door.
 19898 | D:15     | Found a runed translucent door.
 19945 | D:15     | Killed the 20-headed Lernaean hydra
 19952 | D:15     | Identified the +7 hand axe of the Empty Page {drain,
                  | Fragile rPois rF+}
 19952 | D:15     | Identified the +5 halberd "Worphecloth" {drain, *Rage rPois
                  | rF+ rN++}
 20208 | Elf:1    | Entered Level 1 of the Elven Halls
 20432 | D:5      | Bought a book of Displacement for 264 gold pieces
 20435 | D:5      | Learned a level 2 spell: Lesser Beckoning
 20571 | Elf:1    | Reached skill level 1 in Translocations
 20810 | Elf:1    | Identified the +6 dagger "Beetleslayer" {elec, *Slow Str+5
                  | Int+5}
 20926 | Elf:1    | Found Agaschodgh's Weapon Emporium.
 20926 | Elf:1    | Found Kaget's General Store.
 20933 | Elf:1    | Found Ybuychum's Antique Armour Shoppe.
 20937 | Elf:1    | Found Nodeh's Magic Scroll Emporium.
 20983 | Elf:1    | Bought the +8 frozen axe "Frostbite" {freeze, freezing
                  | cloud, *Noise Fly rC+} for 988 gold pieces
 20983 | Elf:1    | Found the +8 frozen axe "Frostbite" {freeze, freezing
                  | cloud, *Noise Fly rC+}
 21002 | Elf:1    | Bought a glowing cloak for 225 gold pieces
 21002 | Elf:1    | Bought a pair of runed boots for 225 gold pieces
 21021 | Elf:1    | Bought a scroll of blinking for 120 gold pieces
 21021 | Elf:1    | Bought a scroll of teleportation for 48 gold pieces
 21021 | Elf:1    | Bought a scroll of teleportation for 48 gold pieces
 21183 | Elf:1    | Identified the +4 scimitar of the Charming Madman {speed,
                  | rC- Dex+7 SInv Stlth+}
 21188 | Elf:1    | Reached XP level 18. HP: 98/98 MP: 26/26
 21407 | Elf:2    | Identified the amulet "Rutsu" {RegenMP rElec}
 21551 | Elf:2    | Reached skill level 15 in Axes
 21625 | Elf:2    | Found a runed translucent gate.
 21626 | Elf:2    | Found a runed translucent gate.
 21626 | Elf:2    | Found a runed translucent gate.
 21826 | Elf:2    | Paralysed by an air elemental for 1 turns
 22464 | Elf:2    | Noticed a deep elf blademaster
 22474 | Elf:2    | Killed a deep elf blademaster
 22846 | Elf:3    | Entered Level 3 of the Elven Halls
 23076 | Snake:1  | Entered Level 1 of the Snake Pit
 23159 | Snake:1  | Reached skill level 10 in Dodging
 23180 | Snake:1  | Identified the ring of Xiusch {rC+ rCorr}
 23518 | Snake:1  | Found a runed translucent gate.
 23519 | Snake:1  | Found a runed translucent gate.
 23521 | Snake:1  | Found a runed translucent gate.
 23522 | Snake:1  | Noticed Newt's ghost (journeyman DsGl)
 23538 | Snake:1  | Killed Newt's ghost
 23995 | Snake:1  | HP: 1/98 [nagaraja/+0 club (9)]
 23995 | Snake:1  | Constricted to death by a nagaraja

Illustrated notes

Levels and vault maps discovered:
D:1:      enne_arrival_octagon_isle, layout_loops_corners,
          shapermc_ecumenical_altar_starsandcircs
D:2:      layout_loops_cross, minmay_lizard_pond
D:3:      layout_loops_ring, grunt_temple_overflow_open, serial_shops,
          nicolae_shop_mannequins
D:4:      layout_loops_ring, nicolae_sif_muna_little_library, serial_shops,
          nicolae_shop_pleasant_corner_grove, minmay_misc_feat_cross,
          kennysheep_generic_room_9
D:5:      layout_basic, temple_statues, serial_shops, shop, st_stairs_4,
          uniq_pikel, uniq_blork_the_orc
D:6:      layout_basic, nicolae_ossuary_entry_false_entrances,
          serial_bayou_pond_b, minmay_misc_feat_room, uniq_sigmund,
          uniq_menkaure
D:7:      layout_basic
D:8:      layout_basic, nemelex_diamond_rough_becter, erik_lair_orcish_takeover,
          serial_shops, shop, uniq_amaemon, uniq_erica, uniq_prince_ribbit1
D:9:      layout_basic, serial_shops, shop, grunt_tough_drop
D:10:     layout_stronghold, orc_0_dummy, grunt_decor_cap, uniq_sonja
D:11:     layout_rooms, hangedman_decor_peaks_small,
          nicolae_hepliaklqana_hazy_memory, uniq_lodul
D:12:     layout_basic, gauntlet_entry_generic
D:13:     layout_loops_ring, david_vaults_4, okawaru_trees_1
D:14:     gammafunk_sealed_arena, layout_small_grid, serial_undead,
          serial_undead_e, serial_undead_e, serial_undead_f, serial_undead_b,
          serial_undead_c, serial_undead_d, serial_undead_a,
          nicolae_concentric_dashed_squares_wild, uniq_louise, uniq_rupert
D:15:     hangedman_depths_entry_try_elsewhere_first, layout_loops_ring,
          nicolae_hydra_factorization
Lair:1:   layout_big_grid, basic_altar, beast_lair_carwin_3
Lair:2:   layout_cave_shapes, ebering_ghost_rock_garden,
          infiniplex_staircase_pool, grunt_megastairs_5, serial_bayou_shore_b
Lair:3:   layout_hall_layers, minmay_shoals_entry_hut,
          minmay_snake_entry_guardpost_large, serial_bayou_shore_a
Lair:4:   layout_regular_city, slime_entry_1, kennysheep_snail_temple,
          uniq_kirke
Lair:5:   guppyfry_lair_end_dragon, layout_cellular_growth,
          hangedman_lair_in_review, uniq_urug
Snake:1:  layout_cave_pods, ebering_ghost_rock_garden,
          fake_guardian_serpent_vault
Snake:2:  layout_concentric_octagons
Orc:1:    layout_caves, ebering_ghost_inner_flame
Orc:2:    st_orc_ogre_mass, layout_caves, gammafunk_ghost_split, uniq_erolcha,
          uniq_azrael
Elf:1:    nicolae_elf_arrival_no_cutting_in_line, layout_geoelf_octagon,
          kennysheep_underground_church, grunt_megastairs_2, minmay_shoptagon
Elf:2:    nicolae_elf_blades_crystal_corner, layout_geoelf_diagonals,
          due_unseen_surprise
Elf:3:    minmay_elf_hall_statues, layout_onion_city, serial_sigils,
          serial_sigils_hangedman_confine, serial_sigils_hangedman_scratch,
          serial_sigils_hangedman_gut, serial_sigils_hangedman_gnaw

Skill      XL: |  1  2  3  4  5  6  7  8  9 10 11 12 13 14 15 16 17 18 |
---------------+-------------------------------------------------------+-----
Maces & Flails | 2 3 |  3.0
Armour         | 3 4 7 8 11 12 14 15 16 | 16.1
Axes           | 2 3 7 9 11 12 13 14 16 | 16.4
Invocations    | 6 9 |  9.9
Fighting       | 5 7 9 10 11 12 | 12.1
Dodging        | 1 4 6 8 9 10 | 10.3
Shields        | 6 7 |  7.0
Translocations | 4 |  4.5

Action                     |  1- 3 |  4- 6 |  7- 9 | 10-12 | 13-15 | 16-18 || total
---------------------------+-------+-------+-------+-------+-------+-------++-------
  Melee: Flail             |   107 |     6 |       |       |       |       ||   113
         Bite              |    21 |    21 |    53 |   151 |   370 |   405 ||  1021
         Hand axe          |       |    80 |   219 |   448 |   952 |   674 ||  2373
         Demon whip        |       |       |       |    10 |     7 |    11 ||    28
         Broad axe         |       |       |       |       |     4 |       ||     4
         Executioner's axe |       |       |       |       |       |   246 ||   246
   Cast: Lesser Beckoning  |       |       |       |       |       |     1 ||     1
 Invoke: Elemental Force   |       |       |       |       |     2 |     3 ||     5
         Disaster Area     |       |       |       |       |     1 |     1 ||     2
  Evoke: Wand              |       |       |       |     5 |       |     3 ||     8
    Use: Scroll            |       |       |    16 |       |     7 |     3 ||    26
         Potion            |       |       |     1 |     1 |     2 |     3 ||     7
   Stab: Petrified         |       |       |       |       |     8 |       ||     8
         Paralysed         |       |       |       |       |     4 |       ||     4
         Distracted        |       |       |       |       |     1 |     1 ||     2
         Invisible         |       |       |       |       |       |     2 ||     2
 Armour: Scale mail        |    44 |    26 |    47 |       |       |       ||   117
         Plate armour      |       |       |    15 |    97 |     1 |       ||   113
         Ring mail         |       |       |       |       |   203 |   365 ||   568
  Dodge: Dodged            |    55 |    35 |    53 |    65 |   269 |   500 ||   977
         Repelled          |       |       |       |     7 |    10 |    19 ||    36
  Block: Buckler           |    21 |    20 |    66 |   251 |   453 |   375 ||  1186
         Reflection        |       |       |       |    11 |     3 |    22 ||    36
         Other             |       |       |       |       |       |    86 ||    86

Table legend: (Time is in decaauts)
 A = Elapsed time spent in this place.
 B = Non-inter-level travel time spent in this place.
 C = Inter-level travel time spent in this place.
 D = Time resting spent in this place.
 E = Time spent auto-exploring this place.
 F = Levels seen in this place.
 G = Mean time per level.
                   A        B        C        D        E       F      G
               +--------+--------+--------+--------+--------+-----+--------+
         Total |  23405 |  20981 |   2424 |    387 |  15564 |  30 |  780.2 |
       Dungeon |  12718 |  11333 |   1385 |    136 |   8965 |  15 |  847.9 |
          Lair |   4765 |   4314 |    451 |     35 |   3245 |   5 |  953.0 |
     Snake Pit |    925 |    884 |     41 |     14 |    693 |   2 |  462.5 |
  Orcish Mines |   1586 |   1240 |    346 |     83 |    805 |   2 |  793.0 |
   Elven Halls |   2421 |   2223 |    198 |     38 |   1537 |   3 |  807.0 |
         Abyss |    334 |    334 |      0 |     21 |      0 |   1 |  334.0 |
       Ossuary |    219 |    219 |      0 |      0 |    102 |   1 |  219.0 |
      Gauntlet |    433 |    433 |      0 |     59 |    217 |   1 |  433.0 |
               +--------+--------+--------+--------+--------+-----+--------+

Top non-repeatable levels by time:
   Elf:2: 1553 daAuts
  Lair:5: 1413 daAuts
    D:15: 1099 daAuts
    D:10: 1078 daAuts
     D:6: 1059 daAuts
     D:8: 1028 daAuts
  Lair:2: 932 daAuts
  Lair:4: 918 daAuts
   Orc:2: 892 daAuts
 Snake:1: 888 daAuts
     D:9: 883 daAuts
     D:7: 881 daAuts
   Elf:1: 864 daAuts
    D:13: 845 daAuts
     D:4: 835 daAuts
